Map: Ruins of Endion

Players

Superficial

  • Race: Protoss Protoss
  • League: Master

Miszu - Winner!

  • Race: Zerg Zerg
  • League: Master

VOD

Have the link to the VOD?

Description

Time

  • Played on: July 1, 2016, 6:07 p.m.
  • Length: 11:26
Show
View Real Time Build Order
Export as new Build Order

Superficial Protoss 

Build Orders: Zealot Archon 

Get SALT Encoding   

  12  0:01  Probe (Chrono Boost)  
  13  0:12  Probe (Chrono Boost)  
  14  0:19  Pylon  
  14  0:22  Probe (Chrono Boost)  
  15  0:37  Probe (Chrono Boost)  
  15  0:41  Gateway  
  16  0:48  Probe (Chrono Boost)  
  16  0:49  Assimilator  
  17  0:59  Probe (Chrono Boost)  
  18  1:08  Gateway  
  19  1:11  Probe (Chrono Boost)  
  19  1:29  Cybernetics Core  
  19  1:45  Nexus  
  19  1:51  Pylon  
  19  1:54  Probe (Chrono Boost)  
  22  2:09  Adept x2 (Chrono Boost)  
  22  2:15  Mothership Core (Chrono Boost)  
  26  2:21  Assimilator  
  26  2:27  Pylon  
  26  2:31  Warp Gate  
  26  2:43  Probe (Chrono Boost)  
  27  2:54  Probe (Chrono Boost)  
  27  2:55  Adept x2  
  32  3:00  Probe (Chrono Boost)  
  33  3:12  Probe x2 (Chrono Boost)  
  33  3:22  Probe x2 (Chrono Boost)  
  33  3:32  Stalker  
  35  3:34  Adept  
  35  3:38  Probe (Chrono Boost)  
  39  3:41  Probe (Chrono Boost)  
  38  3:54  Probe (Chrono Boost)  
  39  3:56  Pylon  
  39  3:59  Probe (Chrono Boost)  
  40  4:04  Twilight Council  
  40  4:08  Probe (Chrono Boost)  
  41  4:10  Probe (Chrono Boost)  
  41  4:19  Gateway, Probe (Chrono Boost)  
  41  4:20  Probe (Chrono Boost)  
  41  4:22  Gateway  
  43  4:26  Pylon  
  43  4:34  Pylon  
  43  4:35  Probe x2 (Chrono Boost)  
  45  4:42  Resonating Glaives (Chrono Boost)  
  45  4:46  Dark Shrine  
  45  4:47  Probe  
  45  4:48  Probe  
  47  4:57  Adept x2  
  47  4:59  Probe  
  51  5:01  Probe  
  53  5:10  Probe  
  53  5:11  Assimilator  
  53  5:12  Assimilator  
  54  5:14  Probe  
  54  5:16  Adept x2  
  59  5:22  Adept  
  59  5:24  Adept, Probe  
  64  5:32  Pylon, Probe  
  65  5:39  Adept x2  
  69  5:45  Probe  
  70  5:50  Probe  
  71  5:57  Probe  
  71  5:59  Dark Templar  
  71  6:00  Dark Templar x2  
  64  6:18  Nexus  
  62  6:19  Probe  
  62  6:20  Probe  
  62  6:21  Pylon  
  60  6:29  Dark Templar, Probe  
  61  6:32  Probe  
  61  6:35  Blink (Chrono Boost)  
  61  6:37  Pylon  
  62  6:40  Probe  
  62  6:45  Probe  
  64  6:51  Probe  
  65  6:56  Dark Templar x2  
  65  6:57  Probe  
  65  6:59  Stalker  
  68  7:01  Probe  
  68  7:07  Gateway x2  
  65  7:09  Probe  
  66  7:15  Archon  
  66  7:21  Pylon  
  66  7:22  Pylon  
  66  7:23  Dark Templar x2  
  66  7:25  Pylon  
  66  7:27  Archon  
  70  7:30  Dark Templar  
  70  7:31  Dark Templar  
  74  7:38  Archon  
  74  7:47  Probe x2  
  74  7:48  Probe  
  74  7:49  Pylon  
  77  7:58  Stalker x2  
  76  8:10  Dark Templar x2  
  76  8:12  Dark Templar  
  82  8:15  Probe  
  82  8:17  Probe  
  76  8:20  Assimilator  
  76  8:22  Pylon, Assimilator  
  76  8:24  Probe  
  76  8:25  Dark Templar  
  76  8:26  Probe, Zealot x2  
  82  8:30  Probe  
  84  8:34  Probe  
  84  8:37  Pylon, Probe  
  86  8:42  Probe  
  86  8:43  Dark Templar  
  86  8:44  Zealot  
  86  8:45  Probe  
  86  8:48  Dark Templar  
  94  8:52  Zealot  
  94  8:53  Zealot  
  94  8:55  Archon, Probe  
  98  8:56  Probe  
  98  9:01  Pylon  
  98  9:02  Charge (Chrono Boost)  
  100  9:05  Probe x2  
  102  9:18  Forge  
  102  9:19  Forge, Archon  
  102  9:20  Archon  
  102  9:25  Robotics Facility  
  102  9:29  Pylon, Probe  
  102  9:30  Probe  
  102  9:31  Probe  
  105  9:41  Stalker x5  
  99  9:52  Probe  
  99  9:54  Probe  
  99  9:56  Probe  
  99  9:58  Pylon  
  102  10:03  Probe  
  103  10:07  Probe  
  103  10:11  Dark Templar  
  72  10:23  Dark Templar x2  
  67  10:53  Probe  
  66  11:03  Probe  
Show
View Real Time Build Order
Export as new Build Order

Miszu Zerg - Winner!

Build Orders: Hatch First 

Get SALT Encoding   

  12  0:00  Drone  
  13  0:08  Drone  
  14  0:17  Overlord  
  14  0:35  Drone x3  
  17  0:53  Hatchery  
  17  0:56  Drone  
  17  1:01  Extractor  
  17  1:03  Drone  
  17  1:14  Spawning Pool  
  17  1:18  Drone  
  17  1:25  Drone  
  18  1:45  Drone  
  19  1:59  Overlord  
  19  2:02  Queen  
  19  2:03  Metabolic Boost  
  19  2:05  Zergling x4  
  19  2:06  Zergling x2  
  24  2:09  Queen  
  24  2:14  Drone  
  27  2:16  Drone  
  28  2:23  Drone  
  28  2:28  Drone  
  30  2:35  Drone  
  31  2:38  Drone  
  32  2:45  Drone, Evolution Chamber  
  32  2:50  Zergling x2  
  32  2:52  Queen  
  32  2:57  Overlord  
  34  3:00  Drone  
  34  3:08  Drone  
  34  3:14  Queen  
  34  3:19  Drone x4  
  41  3:20  Drone  
  41  3:25  Zerg Melee Weapons Level 1  
  43  3:34  Drone x2  
  43  3:36  Overlord  
  43  3:55  Overlord  
  43  3:57  Drone  
  44  4:06  Drone x6  
  44  4:07  Overlord, Drone  
  51  4:12  Lair  
  51  4:16  Hatchery  
  50  4:22  Overlord  
  50  4:26  Extractor, Zergling x6  
  53  4:31  Zergling x2  
  52  4:41  Drone x7  
  59  4:47  Drone  
  60  4:53  Drone  
  60  4:59  Drone  
  62  5:06  Baneling Nest  
  61  5:11  Drone x5  
  66  5:19  Hatchery  
  65  5:24  Overlord  
  65  5:25  Zergling x4  
  65  5:26  Zerg Melee Weapons Level 2  
  67  5:34  Zergling x2  
  67  5:35  Zergling x8  
  72  5:38  Pneumatized Carapace  
  72  5:41  Overlord  
  72  5:43  Zergling x2  
  72  5:45  Zergling x2  
  72  5:47  Zergling x6  
  77  5:50  Zergling x2  
  77  5:56  Overlord  
  78  5:57  Infestation Pit  
  78  5:58  Evolution Chamber  
  78  5:59  Zergling x2  
  78  6:03  Zergling x8  
  79  6:09  Zergling x4  
  71  6:17  Zergling x14  
  72  6:27  Zergling x6  
  72  6:30  Zergling x6, Zerg Ground Armor Level 1  
  78  6:34  Zergling x6  
  78  6:37  Overseer x2  
  72  6:48  Zergling x16  
  77  7:05  Drone x2  
  77  7:06  Drone  
  79  7:09  Drone x4  
  79  7:10  Overlord  
  79  7:11  Drone x2  
  79  7:12  Drone  
  79  7:14  Drone  
  87  7:15  Drone  
  87  7:17  Drone  
  87  7:20  Drone x2  
  87  7:21  Drone  
  92  7:35  Overlord  
  92  7:36  Overlord  
  92  7:39  Zergling x12  
  92  7:44  Overlord  
  96  7:45  Centrifical Hooks  
  96  7:47  Hive  
  91  8:24  Zergling x32  
  91  8:26  Zergling x8  
  106  8:36  Zergling x18  
  106  8:39  Zergling x8  
  119  8:43  Zergling x2  
  122  8:48  Zergling x6  
  122  8:51  Zerg Ground Armor Level 2  
  122  8:54  Zergling x2  
  124  8:58  Zergling x4  
  124  9:01  Zergling x4  
  128  9:03  Zergling x10  
  128  9:08  Hatchery  
  131  9:10  Zergling x4  
  133  9:21  Zergling x16  
  133  9:22  Zergling x2  
  142  9:34  Extractor  
  142  9:35  Adrenal Glands  
  142  9:38  Zergling x6  
  144  9:39  Zergling x2, Ultralisk Cavern  
  144  9:42  Extractor  
  143  9:45  Zergling x2  
  143  9:48  Overlord  
  143  9:50  Overlord x9  
  138  10:08  Zergling x12  
  138  10:09  Zergling x8  
  138  10:11  Zergling x4  
  150  10:16  Zergling x12  
  150  10:19  Zergling x2  
  151  10:26  Zergling x16  
  151  10:34  Overseer  
  144  10:36  Zergling x12  
  144  10:37  Zergling x2  
  144  10:41  Zergling x4  
  144  10:42  Baneling  
  148  10:43  Baneling x4  
  148  10:44  Baneling  
  148  10:48  Baneling  
  148  10:49  Baneling x6  
  144  10:51  Baneling  
  144  10:52  Baneling  
  139  11:05  Baneling  
  139  11:06  Baneling  
  139  11:07  Zergling x22  
Tags
 
Add a new tag
Caveats
  • Supply blocks, unpowered buildings, or Contaminate may cause inaccurate times.
  • Supply counts are checked every 10 seconds.